 Dungeon Crawl Stone Soup version 0.27.1-2-g3b301248ec (webtiles) character file.

Game seed: 9623235402704078480

2856 pkoi the Carver (level 9, -7/74 HPs)
             Began as a Minotaur Gladiator on Sept 24, 2021.
             Was a Believer of Qazlal.
             Mangled by Harold (14 damage)
             ... on level 7 of the Dungeon.
             The game lasted 00:08:21 (8010 turns).

pkoi the Carver (Minotaur Gladiator)                Turns: 8010, Time: 00:08:21

Health: -7/74      AC: 14    Str: 22    XL:     9   Next: 46%
Magic:  12/12      EV: 10    Int:  9    God:    Qazlal [**....]
Gold:   307        SH: 12    Dex: 12    Spells: 8/8 levels left

rFire    . . .     SeeInvis .   a - +1 long sword
rCold    . . .     Faith    .   u - +0 kite shield
rNeg     . . .     Spirit   .   x - +4 ring mail of Intercession {Int+4}
rPois    +         Reflect  .   c - +1 hat
rElec    .         Harm     .   v - +2 cloak
rCorr    .         Rampage  .   (no gloves)
Will     .....                  (no boots)
Stlth    +.........             (no amulet)
HPRegen  0.22/turn              h - ring of poison resistance
MPRegen  0.13/turn              (no ring)

@: no status effects
A: horns 2, retaliatory headbutt
a: Renounce Religion, Upheaval


You were on level 7 of the Dungeon.
You worshipped Qazlal.
Qazlal was pleased with you.
You visited 1 branch of the dungeon, and saw 7 of its levels.
You also visited: Ossuary.

You collected 307 gold pieces.

Inventory:

Hand Weapons
 a - a +1 long sword (weapon)
Missiles
 d - 5 throwing nets
 j - 9 poisoned darts (quivered)
 n - 4 boomerangs
Armour
 c - a +1 hat (worn)
 k - a +0 ring mail
 u - a +0 kite shield (worn)
 v - a +2 cloak (worn)
 x - the +4 ring mail of Intercession (worn) {Int+4}
   (You found it on level 5 of the Dungeon)

   Int:       It affects your intelligence (+4).
Jewellery
 h - a ring of poison resistance (left hand)
Wands
 f - a wand of flame (18)
 p - a wand of acid (8)
Scrolls
 g - 2 scrolls of amnesia
 o - a scroll of blinking
 q - 2 scrolls of fog
 t - a scroll of magic mapping
 y - a scroll of teleportation
 B - a scroll of torment {unknown}
Potions
 b - 3 potions of lignification {unknown}
 e - 4 potions of curing {unknown}
 i - 2 potions of brilliance
 l - a potion of resistance
 m - 4 potions of heal wounds
 r - a potion of cancellation
 s - 2 potions of might {unknown}
 w - a potion of haste {unknown}
 z - 2 potions of degeneration {unknown}
 A - a potion of flight {unknown}


   Skills:
 - Level 5.5 Fighting
 * Level 9.8 Long Blades
 - Level 4.4 Throwing
 - Level 4.7 Armour
 + Level 4.9 Dodging
 + Level 3.8 Shields
 * Level 6.0 Invocations


You had 8 spell levels left.
You didn't know any spells.
Your spell library contained the following spells:

 Spells                   Type           Power      Damage    Failure   Level
 Corona                   Hex            0%         N/A       95%         1
 Foxfire                  Conj/Fire      0%         2x1d4     95%         1
 Freeze                   Ice            0%         1d3       95%         1
 Ensorcelled Hibernation  Hex/Ice        0%         N/A       99%         2
 Frozen Ramparts          Ice            0%         1d2       100%        3
 Tukima's Dance           Hex            0%         N/A       100%        3
 Hailstorm                Conj/Ice       0%         3d3       100%        4
 Iskenderun's Mystic Bla  Conj/Tloc      0%         2d3       100%        4
 Manifold Assault         Tloc           0%         N/A       100%        5
 Summon Forest            Summ/Tloc      0%         N/A       100%        5
 Eringya's Noxious Bog    Tmut/Pois      0%         N/A       100%        6
 Spellforged Servitor     Conj/Summ      0%         N/A       100%        7
 Summon Hydra             Summ           0%         N/A       100%        7


Dungeon Overview and Level Annotations

Branches:
Dungeon (7/15)             Temple (0/1) D:6         Ossuary (visited)

Altars:
Gozag
Kikubaaqudgha
Makhleb
Qazlal
Yredelemnul
Zin

Annotations:
D:6 2 runed translucent doors, Icepheonix32's ghost, amateur DsFi
D:7 Harold


Innate Abilities, Weirdness & Mutations

You have a pair of horns on your head.
You reflexively headbutt those who attack you in melee.


Message History

Harold hits you but does no damage.
You hit Harold but do no damage.
Harold is moderately wounded.
You block Harold's attack.
You slash Harold!
Harold is moderately wounded.
Harold hits you with a +0 scimitar!
Your shield prevents you from hitting Harold.
Harold is moderately wounded.
You block Harold's attack.
You hit Harold but do no damage. You headbutt Harold.
Harold is moderately wounded.
You block Harold's attack. x2
You hit Harold. Your headbutt misses Harold.
Harold is heavily wounded.
Harold hits you with a +0 scimitar!
You hit Harold.
Harold is heavily wounded.
Harold hits you with a +0 scimitar!
* * * LOW HITPOINT WARNING * * *
You hit Harold but do no damage.
Harold is heavily wounded.
You block Harold's attack.
You closely miss Harold.
Harold is heavily wounded.
Harold hits you but does no damage.
You completely miss Harold. Your headbutt misses Harold.
Harold is heavily wounded.
Harold hits you with a +0 scimitar!
* * * LOW HITPOINT WARNING * * *
Unknown command.
You hit Harold but do no damage. You headbutt Harold, but do no damage.
Harold is heavily wounded.
Harold hits you with a +0 scimitar!
* * * LOW HITPOINT WARNING * * *
You slash Harold! Your headbutt misses Harold.
Harold is heavily wounded.
Harold says, "Listen, it's nothing personal.
It's just a job."
Harold hits you with a +0 scimitar!
You die...

............#
#######.###.#####
#........... ####
#..##.......
.###...
#..##...####
....... #..######
# ..... #..# #
#.@######..#
#.°@○......#
##....)...##
##########


You could see Harold.

Vanquished Creatures
  Pikel (D:5)
  Sigmund (D:5)
  Menkaure (D:5)
  A water moccasin (D:5)
  A hornet zombie (D:6)
  An ice beast (D:6)
  An ogre (D:5)
  A gnoll sergeant (D:7)
  2 bullfrogs
  A scorpion (D:6)
  A wyvern skeleton (D:7)
  A water moccasin zombie (D:6)
  6 killer bees (D:6)
  A howler monkey (D:6)
  5 bullfrog zombies
  A jelly (D:7)
  Crazy Yiuf (D:2)
  7 centaur zombies
  2 centaur skeletons (D:7)
  A bullfrog skeleton (D:4)
  2 iguanas (D:5)
  Ijyb (D:5)
  4 orc wizards
  A killer bee zombie (D:6)
  A hound skeleton (D:5)
  4 mummies (Ossuary)
  4 gnolls
  8 adders
  2 white imps
  An ufetubus (D:7)
  An adder skeleton (D:4)
  3 worms
  2 dart slugs
  31 orcs
  8 ball pythons
  11 endoplasms
  3 giant cockroaches
  5 goblins
  6 hobgoblins
  4 jackals
  3 quokkas (D:1)
  4 bats
  3 frilled lizards
  5 hobgoblin zombies (Ossuary)
  9 kobolds
  2 quokka zombies (D:4)
  4 rats
169 creatures vanquished.

Vanquished Creatures (others)
  An orc wizard (D:6)
  6 fungi (D:4)
7 creatures vanquished.

Grand Total: 176 creatures vanquished

Notes
Turn   | Place    | Note
-------+----------+-------------------------------------------
     0 | D:1      | pkoi the Minotaur Gladiator began the quest for the Orb.
     0 | D:1      | Reached XP level 1. HP: 18/18 MP: 0/0
   290 | D:1      | Reached XP level 2. HP: 20/25 MP: 1/1
   295 | D:1      | Reached skill level 4 in Long Blades
   517 | D:1      | Reached skill level 1 in Armour
   925 | D:1      | Reached XP level 3. HP: 30/30 MP: 2/2
  1373 | D:2      | Found a faded altar of an unknown god.
  2020 | D:2      | Found a runed translucent door.
  2021 | D:2      | Noticed Crazy Yiuf
  2082 | D:2      | Found a basalt altar of Yredelemnul.
  2115 | D:2      | Reached XP level 4. HP: 37/38 MP: 3/3
  2426 | D:3      | Reached skill level 5 in Long Blades
  2673 | D:3      | Found a stormy altar of Qazlal.
  2675 | D:3      | Found an opulent altar of Gozag.
  2684 | D:3      | You fall into a shaft and drop 1 floor!
  2805 | D:4      | Found a sand-covered staircase.
  2812 | Ossuary  | Entered an ossuary
  2818 | Ossuary  | Reached XP level 5. HP: 45/45 MP: 4/4
  2931 | Ossuary  | Reached skill level 6 in Long Blades
  2931 | Ossuary  | Reached XP level 6. HP: 45/52 MP: 5/5
  3408 | D:3      | Found a glowing silver altar of Zin.
  3511 | D:3      | Became a worshipper of Qazlal Stormbringer
  3730 | D:2      | Killed Crazy Yiuf
  4350 | D:4      | Got the Catalogue of the Voyage and Confrontation
  4708 | D:5      | Entered Level 5 of the Dungeon
  4708 | D:5      | Noticed Sigmund
  4759 | D:5      | Noticed Pikel
  4767 | D:5      | Killed Pikel
  4768 | D:5      | Reached skill level 5 in Fighting
  4768 | D:5      | Reached skill level 7 in Long Blades
  4768 | D:5      | Reached XP level 7. HP: 26/61 MP: 5/8
  5118 | D:5      | Noticed Ijyb
  5130 | D:5      | Killed Ijyb
  5131 | D:5      | Reached XP level 8. HP: 68/68 MP: 9/9
  5356 | D:5      | Noticed Menkaure
  5364 | D:5      | Killed Menkaure
  5815 | D:5      | Identified the +4 ring mail of Intercession {Int+4}
  5842 | D:5      | Reached skill level 8 in Long Blades
  6038 | D:5      | Killed Sigmund
  6039 | D:5      | Reached skill level 1 in Shields
  6441 | D:6      | Reached * piety under Qazlal
  6473 | D:6      | Found a basalt altar of Yredelemnul.
  6510 | D:6      | Found a staircase to the Ecumenical Temple.
  6608 | D:6      | Reached skill level 9 in Long Blades
  6608 | D:6      | Reached XP level 9. HP: 73/74 MP: 11/11
  6661 | D:6      | Reached skill level 5 in Invocations
  7003 | D:6      | Found a burning altar of Makhleb.
  7071 | D:6      | Found a runed translucent door.
  7075 | D:6      | Noticed Icepheonix32's ghost (amateur DsFi)
  7080 | D:6      | Found an ancient bone altar of Kikubaaqudgha.
  7112 | D:6      | Found a runed translucent door.
  7206 | D:6      | Reached ** piety under Qazlal
  7991 | D:7      | Noticed Harold
  8010 | D:7      | Mangled by Harold

Illustrated notes

Levels and vault maps discovered:
D:1:      dpeg_arrival_arbitrary_b, layout_loops_cross, minmay_hexomino_u4
D:2:      minmay_alternating_diamond, layout_loops_ring,
          shapermc_ecumenical_altar_totnotflames, basic_altar,
          grunt_ministairs_12, uniq_crazy_yiuf_cottage
D:3:      layout_basic, grunt_temple_overflow_open, mainiacjoe_overflow_catwalk,
          chequers_serial_rivers_micro_c
D:4:      layout_basic, serial_aquarium, aquarium_bridge_long_separate
          [aquarium_subvault_balcony, aquarium_subvault_bridge,
          aquarium_subvault_window, aquarium_subvault_bridge,
          aquarium_subvault_window, aquarium_subvault_bridge],
          aquarium_window_fake, aquarium_window_2, aquarium_window_corridor_1,
          aquarium_window_corner, aquarium_view_2b, aquarium_view_2b,
          aquarium_pool_corner, enter_ossuary_4, nrook_loot_triangle
D:5:      layout_loops_corners, due_unseen_surprise, uniq_sigmund, uniq_ijyb,
          uniq_pikel, uniq_menkaure
D:6:      layout_loops_ring, nicolae_yredelemnul_corpse_copse,
          mainiacjoe_overflow_surrounded_room, minmay_temple_entry_glass,
          ebering_ghost_sewer_f, kennysheep_small_circle
D:7:      layout_loops_ring, old_standard_altar, minivault_11,
          dk_noncrumbling_3, uniq_harold

Skill      XL: |  1  2  3  4  5  6  7  8  9 |
---------------+----------------------------+-----
Long Blades    | 4 5 6 7 9 |  9.8
Armour         | 1 2 4 |  4.7
Fighting       | 3 4 5 |  5.5
Throwing       | 3 4 |  4.4
Invocations    | 2 4 6 |  6.0
Shields        | 2 3 |  3.8
Dodging        | 4 |  4.9

Action                   |  1- 3 |  4- 6 |  7- 9 || total
-------------------------+-------+-------+-------++-------
Melee: Long sword        |    67 |   137 |   249 ||   453
       Headbutt          |    11 |    38 |    49 ||    98
  Use: Scroll            |       |    12 |     2 ||    14
       Potion            |       |     1 |       ||     1
Armor: Leather armour    |    11 |       |       ||    11
       Ring mail         |    12 |    69 |   103 ||   184
Dodge: Dodged            |    36 |    96 |   100 ||   232
Block: Kite shield       |       |    10 |   127 ||   137
       Rpst.: Long sword |     6 |    18 |    29 ||    53
